[Event "EYTCC U18 Open 2019"]
[Site "Pardubice"]
[Date "2019.07.12"]
[Round "2.35"]
[White "Budisavljevic, Luka"]
[Black "Kosakowski, Jakub"]
[Result "0-1"]
[ECO "A46"]
[WhiteElo "2351"]
[BlackElo "2394"]
[Annotator "NA"]
[PlyCount "116"]
[EventDate "2019.07.11"]
[EventType "swiss"]
[EventCountry "CZE"]
[SourceTitle "playchess.com"]
[Source "ChessBase"]
[SourceQuality "1"]
[WhiteTeam "Serbia"]
[BlackTeam "Poland"]
[WhiteTeamCountry "SRB"]
[BlackTeamCountry "POL"]
[TimeControl "40/5400+30:1800+30"]

1. d4 Nf6 2. Nf3 e6 3. e3 b6 4. Bd3 Bb7 5. O-O d5 6. c4 Bd6 7. Nc3 O-O 8. b3 Nbd7 9. Bb2 a6 10. Rc1 Qe7 11. cxd5 exd5 12. Ne2 Ne4 13. Bb1 Rac8 14. Nf4 Rfe8 15. Re1 Ba3 16. Bxa3 Qxa3 17. Nh4 g6 18. Bxe4 dxe4 19. Qg4 Qe7 20. Nf5 Qd8 21. Ng3 c5 22. Nf5 Nf6 23. Qg5 Nd5 24. Nh6+ Kg7 25. Nf5+ Kg8 26. Nh6+ Kf8 27. Qg3 cxd4 28. exd4 Rxc1 29. Rxc1 e3 30. fxe3 Rxe3 31. Qf2 Qe7 32. Ng4 Nxf4 33. Nxe3 Nd3 34. Qd2 Nxc1 35. Qxc1 Qe4 36. Qd2 b5 37. Nc2 a5 38. Ne1 Bd5 39. Nf3 b4 40. Kf2 Kg7 41. Qg5 f6 42. Qc1 g5 43. h3 h5 44. Qd2 Qf5 45. Kg1 Bxf3 46. gxf3 Qxf3 47. Qe1 Kf7 48. Qb1 Qg3+ 49. Kf1 Qxh3+ 50. Kg1 Qe3+ 51. Kg2 Kg7 52. Qd1 g4 53. Qc2 Qc3 54. Qb1 h4 55. Kh2 Qd2+ 56. Kg1 g3 57. Qf5 Qh2+ 58. Kf1 g2+ 0-1

[Event "EYTCC U18 Open 2019"]
[Site "Pardubice"]
[Date "2019.07.12"]
[Round "2.36"]
[White "Chylewski, Patryk"]
[Black "Omorjan, Dejan"]
[Result "1-0"]
[ECO "E70"]
[WhiteElo "2376"]
[BlackElo "2317"]
[Annotator "NA"]
[PlyCount "71"]
[EventDate "2019.07.11"]
[EventType "swiss"]
[EventCountry "CZE"]
[SourceTitle "playchess.com"]
[Source "ChessBase"]
[SourceQuality "1"]
[WhiteTeam "Poland"]
[BlackTeam "Serbia"]
[WhiteTeamCountry "POL"]
[BlackTeamCountry "SRB"]
[TimeControl "40/5400+30:1800+30"]

1. d4 Nf6 2. c4 g6 3. Nc3 Bg7 4. e4 d6 5. Bd3 O-O 6. Nge2 e5 7. d5 a5 8. O-O Na6 9. f3 Ne8 10. Be3 f5 11. exf5 gxf5 12. a3 Bd7 13. Bc2 Qh4 14. Bf2 Qg5 15. Qe1 Nf6 16. Rb1 c6 17. dxc6 bxc6 18. Rd1 Ne8 19. f4 Qe7 20. Bh4 Bf6 21. Bxf6 Rxf6 22. fxe5 dxe5 23. Qh4 Be6 24. Qg3+ Rg6 25. Qxe5 Qa7+ 26. Kh1 Ng7 27. Ng3 Bxc4 28. Nxf5 Bxf1 29. Rxf1 Re8 30. Bb3+ Kh8 31. Nd6 Rxd6 32. Qxd6 Qf2 33. Bc4 Qc5 34. Qd3 Nc7 35. Ne4 Qe5 36. Nf6 1-0

[Event "EYTCC U18 Open 2019"]
[Site "Pardubice"]
[Date "2019.07.13"]
[Round "3.1"]
[White "Ozsakallioglu, Okan"]
[Black "Van Foreest, Lucas"]
[Result "0-1"]
[ECO "A48"]
[WhiteElo "2243"]
[BlackElo "2521"]
[Annotator "ChessBase"]
[PlyCount "103"]
[EventDate "2019.07.11"]
[EventType "swiss"]
[EventCountry "CZE"]
[SourceTitle "playchess.com"]
[Source "ChessBase"]
[SourceQuality "1"]
[WhiteTeam "Turkey"]
[BlackTeam "Netherlands"]
[WhiteTeamCountry "TUR"]
[BlackTeamCountry "NED"]
[TimeControl "40/5400+30:1800+30"]

1. Nf3 Nf6 2. d4 g6 3. c4 Bg7 4. g3 O-O 5. Bg2 d6 6. O-O Bf5 7. h3 Nc6 8. g4 Bd7 9. Nc3 e5 10. d5 Ne7 11. e4 Ne8 12. Qc2 Qc8 13. Kh2 f5 14. exf5 gxf5 15. gxf5 Nxf5 16. Ne4 Nf6 17. Nfg5 Nh5 18. Ng3 Nf4 19. Bxf4 exf4 20. Nxf5 Bxf5 21. Be4 f3 22. Rg1 Kh8 23. Nxf3 Bxe4 24. Qxe4 Qf5 25. Qxf5 Rxf5 26. Rg3 Raf8 27. Kg2 Be5 28. Nxe5 Rxf2+ 29. Kg1 dxe5 30. Re1 Rxb2 31. Rxe5 Rc2 32. Rg4 Rg8 33. Rxg8+ Kxg8 34. Re8+ Kf7 35. Ra8 Rxc4 36. Rxa7 Rb4 37. a4 Ke7 38. a5 Kd6 39. a6 bxa6 40. Rxa6+ Rb6 41. Ra5 Rb2 42. Kf1 h5 43. Ra6+ Kxd5 44. Rh6 c5 45. Ke1 Kd4 46. Rxh5 c4 47. Rh8 Kd3 48. Rd8+ Kc2 49. h4 Rb5 50. Rd2+ Kb3 51. Rh2 c3 52. Rd2 {Kb2} 0-1

[Event "EYTCC U18 Open 2019"]
[Site "Pardubice"]
[Date "2019.07.13"]
[Round "3.2"]
[White "Schoppen, Casper"]
[Black "Ozsakallioglu, Akin"]
[Result "1-0"]
[ECO "E71"]
[WhiteElo "2493"]
[BlackElo "1901"]
[Annotator "ChessBase"]
[PlyCount "65"]
[EventDate "2019.07.11"]
[EventType "swiss"]
[EventCountry "CZE"]
[SourceTitle "playchess.com"]
[Source "ChessBase"]
[SourceQuality "1"]
[WhiteTeam "Netherlands"]
[BlackTeam "Turkey"]
[WhiteTeamCountry "NED"]
[BlackTeamCountry "TUR"]
[TimeControl "40/5400+30:1800+30"]

1. d4 Nf6 2. c4 g6 3. Nc3 Bg7 4. e4 d6 5. h3 O-O 6. Be3 c5 7. d5 e6 8. Nf3 exd5 9. exd5 Bf5 10. Bd3 Bxd3 11. Qxd3 Na6 12. O-O Re8 13. a3 Qd7 14. Rfe1 Nc7 15. Rab1 Rab8 16. b4 b5 17. bxc5 bxc4 18. Qxc4 dxc5 19. Rxb8 Rxb8 20. Ne5 Qe8 21. Nc6 Ra8 22. Bd2 Qd7 23. Re7 Qc8 24. Ne5 Nce8 25. Nxf7 Bf8 26. Nh6+ Kh8 27. Re6 Qd7 28. Qe2 Rb8 29. Qe5 Rb6 30. Bg5 Rxe6 31. dxe6 Qg7 32. Nf7+ Kg8 33. Bh6 1-0

[Event "EYTCC U18 Open 2019"]
[Site "Pardubice"]
[Date "2019.07.13"]
[Round "3.3"]
[White "Ozdemir, Serhan Berat"]
[Black "Vrolijk, Liam"]
[Result "0-1"]
[ECO "C55"]
[WhiteElo "1985"]
[BlackElo "2478"]
[Annotator "ChessBase"]
[PlyCount "154"]
[EventDate "2019.07.11"]
[EventType "swiss"]
[EventCountry "CZE"]
[SourceTitle "playchess.com"]
[Source "ChessBase"]
[SourceQuality "1"]
[WhiteTeam "Turkey"]
[BlackTeam "Netherlands"]
[WhiteTeamCountry "TUR"]
[BlackTeamCountry "NED"]
[TimeControl "40/5400+30:1800+30"]

1. e4 e5 2. Nf3 Nc6 3. d4 exd4 4. Bc4 Nf6 5. e5 d5 6. Bb5 Nd7 7. O-O Be7 8. Re1 O-O 9. Bxc6 bxc6 10. Nxd4 Nb8 11. Nc3 a5 12. Qf3 Qd7 13. Bf4 Qg4 14. Qxg4 Bxg4 15. h3 Be6 16. g4 g6 17. Rad1 c5 18. Nf3 Rd8 19. Bg5 Bxg5 20. Nxg5 Na6 21. f4 Nb4 22. Rd2 h6 23. Nxe6 fxe6 24. a3 Nc6 25. Nb5 Rd7 26. Kh2 Rf8 27. Kg3 Rdf7 28. Rf2 g5 29. f5 exf5 30. gxf5 Rxf5 31. Rxf5 Rxf5 32. Nxc7 Ne7 33. Ne6 c4 34. Nd4 Rf4 35. c3 Kf7 36. Re2 Kg6 37. a4 h5 38. Kg2 Kf7 39. Nf3 g4 40. hxg4 Rxg4+ 41. Kf2 Ng6 42. Nd4 h4 43. Nc6 Rg5 44. e6+ Ke8 45. Re3 Nf4 46. Rf3 Nxe6 47. Nxa5 Nc5 48. Rh3 Rh5 49. Kf3 Rh6 50. Ke3 Ra6 51. Nxc4 dxc4 52. Rxh4 Rxa4 53. Kd4 Nb3+ 54. Kd5 Ra5+ 55. Ke6 Ra6+ 56. Kd5 Nd2 57. Rh2 Kd7 58. Rh7+ Kc8 59. Rh2 Kc7 60. Kc5 Rc6+ 61. Kb5 Rb6+ 62. Kc5 Rxb2 63. Rh7+ Kd8 64. Rg7 Ra2 65. Kb4 Ra6 66. Rg2 Rd6 67. Rg4 Ke7 68. Kc5 Rd8 69. Rg2 Kf6 70. Re2 Kf5 71. Kb4 Rd3 72. Re8 Kf4 73. Re7 Kf3 74. Re1 Re3 75. Rg1 Ke2 76. Rh1 Kd3 77. Rc1 Re7 0-1

[Event "EYTCC U18 Open 2019"]
[Site "Pardubice"]
[Date "2019.07.13"]
[Round "3.4"]
[White "Van Dael, Siem"]
[Black "Buke, Furkan"]
[Result "1-0"]
[ECO "B32"]
[WhiteElo "2319"]
[BlackElo "1959"]
[Annotator "NA"]
[PlyCount "63"]
[EventDate "2019.07.11"]
[EventType "swiss"]
[EventCountry "CZE"]
[SourceTitle "playchess.com"]
[Source "ChessBase"]
[SourceQuality "1"]
[WhiteTeam "Netherlands"]
[BlackTeam "Turkey"]
[WhiteTeamCountry "NED"]
[BlackTeamCountry "TUR"]
[TimeControl "40/5400+30:1800+30"]

1. e4 c5 2. Nf3 Nc6 3. d4 cxd4 4. Nxd4 Qb6 5. Nb3 Nf6 6. Nc3 e6 7. a3 Be7 8. Be2 a6 9. O-O O-O 10. Be3 Qc7 11. f4 d6 12. Qe1 b5 13. Bf3 Bb7 14. Qg3 Nd7 15. Rad1 Nb6 16. Kh1 Nc4 17. Bc1 Rfe8 18. Bh5 Bf8 19. f5 N6e5 20. fxe6 Rxe6 21. Nd4 Ree8 22. b3 Nb6 23. Nf5 Kh8 24. Bg5 Rac8 25. Nd5 Bxd5 26. exd5 Qxc2 27. Nh6 Rc3 28. Nxf7+ Nxf7 29. Qf4 Rcc8 30. Qxf7 Qxb3 31. Bg4 Qc4 32. Be6 1-0

[Event "EYTCC U18 Open 2019"]
[Site "Pardubice"]
[Date "2019.07.13"]
[Round "3.5"]
[White "Zarubitski, Viachaslau"]
[Black "Gavrilescu, David"]
[Result "0-1"]
[ECO "B13"]
[WhiteElo "2424"]
[BlackElo "2473"]
[Annotator "ChessBase"]
[PlyCount "174"]
[EventDate "2019.07.11"]
[EventType "swiss"]
[EventCountry "CZE"]
[SourceTitle "playchess.com"]
[Source "ChessBase"]
[SourceQuality "1"]
[WhiteTeam "Belarus"]
[BlackTeam "Romania"]
[WhiteTeamCountry "BLR"]
[BlackTeamCountry "ROU"]
[TimeControl "40/5400+30:1800+30"]

1. e4 c6 2. d4 d5 3. exd5 cxd5 4. Bd3 Nc6 5. c3 Qc7 6. Ne2 Bg4 7. O-O Bh5 8. Qe1 Bg6 9. Nf4 Bxd3 10. Nxd3 e6 11. Bf4 Bd6 12. Bxd6 Qxd6 13. Nd2 Nf6 14. Nf3 Qc7 15. Nfe5 O-O 16. Qe2 Nxe5 17. Nxe5 Ne4 18. Rad1 Nd6 19. Rd3 Nc4 20. Re1 Nxe5 21. dxe5 Qc4 22. a3 Rac8 23. Qd2 Qg4 24. Rd4 Qf5 25. h3 b5 26. a4 bxa4 27. Rxa4 Rc7 28. Rg4 h6 29. Re3 Rc4 30. Reg3 Rxg4 31. Rxg4 Rb8 32. Qe2 Qb1+ 33. Kh2 Rxb2 34. Qe3 Qf5 35. Rf4 Re2 36. Qxe2 Qxf4+ 37. g3 Qc4 38. Qb2 a5 39. Qb8+ Kh7 40. h4 Qxc3 41. Qb1+ g6 42. h5 Qxe5 43. hxg6+ fxg6 44. Qb7+ Qg7 45. Qa6 Qc7 46. Qxe6 Qa7 47. f4 a4 48. Qxd5 a3 49. Qa2 Kg7 50. Qa1+ Kf7 51. Qa2+ Ke7 52. Qe2+ Kf6 53. Qe5+ Kf7 54. Qd5+ Kg7 55. Qa2 Qa6 56. Qd2 Qf6 57. Qa5 Qd6 58. Qc3+ Kf7 59. Qb3+ Ke7 60. Qc3 Kd7 61. Qe3 Kc6 62. Qf3+ Kb5 63. Qb3+ Qb4 64. Qd5+ Qc5 65. Qb3+ Ka5 66. Qa2 Qc1 67. Qd5+ Kb4 68. Kh3 Qc2 69. Qd6+ Kb3 70. Qb6+ Ka2 71. Qe6+ Kb2 72. Qf6+ Qc3 73. Qb6+ Kc1 74. Qg1+ Kc2 75. Qf2+ Kc1 76. Qg1+ Kb2 77. Qb6+ Kc2 78. Qf2+ Kd3 79. Qf1+ Ke3 80. Qg1+ Ke4 81. Qg2+ Qf3 82. Qc2+ Ke3 83. Qc5+ Ke2 84. Qc2+ Kf1 85. Qc1+ Kf2 86. Qc2+ Kg1 87. Qc5+ Qf2 0-1

[Event "EYTCC U18 Open 2019"]
[Site "Pardubice"]
[Date "2019.07.13"]
[Round "3.6"]
[White "Stoleriu, George"]
[Black "Lazavik, Denis"]
[Result "1/2-1/2"]
[ECO "C90"]
[WhiteElo "2360"]
[BlackElo "2339"]
[Annotator "NA"]
[PlyCount "195"]
[EventDate "2019.07.11"]
[EventType "swiss"]
[EventCountry "CZE"]
[SourceTitle "playchess.com"]
[Source "ChessBase"]
[SourceQuality "1"]
[WhiteTeam "Romania"]
[BlackTeam "Belarus"]
[WhiteTeamCountry "ROU"]
[BlackTeamCountry "BLR"]
[TimeControl "40/5400+30:1800+30"]

1. e4 e5 2. Nf3 Nc6 3. Bb5 a6 4. Ba4 Nf6 5. d3 b5 6. Bb3 Be7 7. O-O d6 8. c3 O-O 9. Re1 Na5 10. Bc2 c5 11. Nbd2 Nc6 12. Nf1 h6 13. Ne3 Be6 14. d4 cxd4 15. cxd4 Nxd4 16. Nxd4 exd4 17. Qxd4 Rc8 18. Qd3 Re8 19. a4 Qb6 20. axb5 Qxb5 21. Qd1 Qb7 22. Bd3 Ra8 23. Nc2 Bf8 24. Nd4 Bd7 25. Qe2 Nxe4 26. Bxa6 Nc5 27. Bxb7 Rxe2 28. Nxe2 Rxa1 29. Bf3 Nd3 30. Rf1 Bc8 31. g3 Ba6 32. Kg2 g5 33. h4 gxh4 34. gxh4 Bg7 35. b3 Rb1 36. Be3 Rxb3 37. Rg1 Rb4 38. Ng3 Ne5 39. Nf5 Ng6 40. Rh1 Bd3 41. h5 Bxf5 42. hxg6 Bxg6 43. Bxh6 Bxh6 44. Rxh6 Kg7 45. Rh1 Kf6 46. Ra1 Be4 47. Bxe4 Rxe4 48. Kf3 Re5 49. Ra6 Ke6 50. Kf4 Re2 51. f3 Rb2 52. Ra5 Rb4+ 53. Ke3 d5 54. f4 Rb3+ 55. Ke2 Rb6 56. Ke3 Rd6 57. Kd4 f6 58. Ke3 Kf5 59. Kf3 Kg6 60. Ke3 Rd7 61. Rb5 Kf5 62. Kf3 Ke6 63. Ke3 Kf7 64. Kd4 Kg6 65. Ke3 Kf5 66. Kf3 Ke6 67. Ke3 Ra7 68. Ke2 Ra4 69. Kf3 Ra3+ 70. Ke2 d4 71. Kf2 Re3 72. Ra5 Rh3 73. Kg2 Rb3 74. Kf2 Rc3 75. Rb5 Ra3 76. Ke2 Rh3 77. Kf2 d3 78. Ra5 d2 79. Ke2 Rh2+ 80. Kd1 Rf2 81. Rb5 Rg2 82. f5+ Kd6 83. Ra5 Rf2 84. Rb5 Ke7 85. Rb7+ Ke8 86. Ra7 Kf8 87. Rb7 Rxf5 88. Kxd2 Re5 89. Kd3 f5 90. Kd4 Re4+ 91. Kd3 Re6 92. Kd2 f4 93. Rb4 Rf6 94. Ke2 f3+ 95. Kf2 Kf7 96. Rb3 Kg6 97. Rxf3 Rxf3+ 98. Kxf3 1/2-1/2

[Event "EYTCC U18 Open 2019"]
[Site "Pardubice"]
[Date "2019.07.13"]
[Round "3.7"]
[White "Tsaruk, Maksim"]
[Black "Ileana, George"]
[Result "1/2-1/2"]
[ECO "B94"]
[WhiteElo "2230"]
[BlackElo "2344"]
[Annotator "NA"]
[PlyCount "201"]
[EventDate "2019.07.11"]
[EventType "swiss"]
[EventCountry "CZE"]
[SourceTitle "playchess.com"]
[Source "ChessBase"]
[SourceQuality "1"]
[WhiteTeam "Belarus"]
[BlackTeam "Romania"]
[WhiteTeamCountry "BLR"]
[BlackTeamCountry "ROU"]
[TimeControl "40/5400+30:1800+30"]

1. e4 c5 2. Nf3 d6 3. d4 cxd4 4. Nxd4 Nf6 5. Nc3 a6 6. Bg5 Nbd7 7. Qd2 Qc7 8. O-O-O e6 9. Bd3 Be7 10. Rhe1 h6 11. Bh4 b5 12. a3 Bb7 13. f4 Rc8 14. Qe2 Qc5 15. Bf2 Qh5 16. Qxh5 Nxh5 17. g3 Nhf6 18. Nb3 Nc5 19. Nxc5 dxc5 20. e5 Nd5 21. Nxd5 Bxd5 22. Be4 Bxe4 23. Rxe4 g5 24. fxg5 hxg5 25. h4 gxh4 26. gxh4 Rd8 27. c4 Rxd1+ 28. Kxd1 Rh5 29. Ke2 bxc4 30. Bg3 Kd7 31. Rxc4 Kc6 32. Kf3 Rh7 33. b3 Kd5 34. Ra4 a5 35. Rxa5 Bxh4 36. b4 Be7 37. Ra7 cxb4 38. Rxe7 bxa3 39. Ra7 Rh5 40. Ra5+ Kc4 41. Rxa3 f6 42. exf6 Rf5+ 43. Ke4 Rxf6 44. Ra6 Rg6 45. Bf4 Kb5 46. Rd6 Kc5 47. Ke5 Kc4 48. Rd4+ Kc3 49. Bd2+ Kc2 50. Bb4 Rg5+ 51. Kxe6 Rb5 52. Kd6 Kb3 53. Bc5 Rb8 54. Kd5 Rd8+ 55. Bd6 Re8 56. Rd3+ Kc2 57. Rh3 Re2 58. Bb4 Rg2 59. Bc3 Rg4 60. Bd4 Rg2 61. Kc4 Kd2 62. Re3 Re2 63. Ra3 Kc2 64. Be3 Kd1 65. Kd4 Rc2 66. Kd3 Rd2+ 67. Ke4 Rc2 68. Ra1+ Ke2 69. Bd4 Kd2 70. Ra3 Ke2 71. Bc3 Kd1 72. Kd4 Ke2 73. Ra1 Kf3 74. Kd3 Rg2 75. Bd4 Rg6 76. Be5 Kg4 77. Ke4 Kg5 78. Rf1 Kg4 79. Bf6 Kh5 80. Kf5 Rg5+ 81. Ke6 Rg2 82. Rf4 Rg4 83. Rf5+ Kg6 84. Rf2 Re4+ 85. Be5 Rg4 86. Rf7 Kg5 87. Rf8 Kg6 88. Bf4 Kh5 89. Rh8+ Kg6 90. Ke5 Kf7 91. Kf5 Rg8 92. Rh7+ Rg7 93. Rh1 Rg2 94. Rh3 Rg1 95. Rh2 Ke7 96. Rh7+ Kd8 97. Be5 Rc1 98. Ke6 Kc8 99. Rh8+ Kb7 100. Rb8+ Ka6 101. Kd5 1/2-1/2

[Event "EYTCC U18 Open 2019"]
[Site "Pardubice"]
[Date "2019.07.13"]
[Round "3.8"]
[White "Ognean, Mihnea-Ionut"]
[Black "Runets, Ivan"]
[Result "0-1"]
[ECO "B45"]
[WhiteElo "2287"]
[BlackElo "2239"]
[Annotator "NA"]
[PlyCount "70"]
[EventDate "2019.07.11"]
[EventType "swiss"]
[EventCountry "CZE"]
[SourceTitle "playchess.com"]
[Source "ChessBase"]
[SourceQuality "1"]
[WhiteTeam "Romania"]
[BlackTeam "Belarus"]
[WhiteTeamCountry "ROU"]
[BlackTeamCountry "BLR"]
[TimeControl "40/5400+30:1800+30"]

1. e4 c5 2. Nf3 Nc6 3. d4 cxd4 4. Nxd4 e6 5. Nc3 d6 6. Be3 Nf6 7. f3 a6 8. Qd2 Qc7 9. g4 h6 10. O-O-O Bd7 11. h4 Ne5 12. Rg1 g6 13. g5 Nh5 14. f4 Nc4 15. Bxc4 Qxc4 16. f5 b5 17. fxg6 fxg6 18. b3 Qc7 19. gxh6 Rc8 20. Nce2 e5 21. Kb1 exd4 22. Nxd4 Nf6 23. Bf4 Ng4 24. Qe2 Ne5 25. h5 g5 26. Bxg5 Bxh6 27. Qe3 Ng4 28. Qf4 Rf8 29. Qc1 Bg7 30. h6 Be5 31. Rd3 Qc5 32. Nf3 Rxf3 33. Rxf3 Qd4 34. c3 Qxe4+ 35. Qc2 Qxf3 0-1

[Event "EYTCC U18 Open 2019"]
[Site "Pardubice"]
[Date "2019.07.13"]
[Round "3.9"]
[White "Jakab, Bela"]
[Black "Willow, Jonah B"]
[Result "1/2-1/2"]
[ECO "B22"]
[WhiteElo "2278"]
[BlackElo "2343"]
[Annotator "NA"]
[PlyCount "91"]
[EventDate "2019.07.11"]
[EventType "swiss"]
[EventCountry "CZE"]
[SourceTitle "playchess.com"]
[Source "ChessBase"]
[SourceQuality "1"]
[WhiteTeam "Slovakia"]
[BlackTeam "England"]
[WhiteTeamCountry "SVK"]
[BlackTeamCountry "ENG"]
[TimeControl "40/5400+30:1800+30"]

1. e4 c5 2. c3 d5 3. exd5 Qxd5 4. Nf3 Nf6 5. Na3 e6 6. d4 a6 7. Nc2 Nc6 8. Be3 cxd4 9. Ncxd4 Bd6 10. Be2 O-O 11. c4 Qa5+ 12. Bd2 Qc7 13. Nxc6 bxc6 14. Qc2 c5 15. Bc3 e5 16. Nd2 Bb7 17. f3 Nh5 18. Bd3 g6 19. O-O-O f5 20. g4 Ng7 21. Rhg1 e4 22. fxe4 fxg4 23. Rxg4 Bxh2 24. Nf1 Bf4+ 25. Kb1 Rad8 26. Qe2 Rfe8 27. Re1 Nh5 28. e5 Bc8 29. Rg1 Ng7 30. Bc2 Qf7 31. Ng3 Bxg3 32. Rxg3 Bf5 33. Rf1 Qd7 34. Bxf5 Nxf5 35. Rgg1 Nd4 36. Qe4 Qe6 37. Rg5 Rf8 38. Rfg1 Kg7 39. Rh1 Rf5 40. Qh4 Rh8 41. Bxd4 cxd4 42. Rxf5 Qxf5+ 43. Ka1 d3 44. Qe7+ Qf7 45. Qd6 Re8 46. Qxd3 1/2-1/2

[Event "EYTCC U18 Open 2019"]
[Site "Pardubice"]
[Date "2019.07.13"]
[Round "3.10"]
[White "Derakhshani, Borna"]
[Black "Bugar, Peter"]
[Result "1-0"]
[ECO "A05"]
[WhiteElo "2300"]
[BlackElo "2002"]
[Annotator "NA"]
[PlyCount "85"]
[EventDate "2019.07.11"]
[EventType "swiss"]
[EventCountry "CZE"]
[SourceTitle "playchess.com"]
[Source "ChessBase"]
[SourceQuality "1"]
[WhiteTeam "England"]
[BlackTeam "Slovakia"]
[WhiteTeamCountry "ENG"]
[BlackTeamCountry "SVK"]
[TimeControl "40/5400+30:1800+30"]

1. Nf3 Nf6 2. b3 b6 3. Bb2 Bb7 4. c4 c5 5. e3 e6 6. Nc3 Be7 7. d4 cxd4 8. exd4 d5 9. Be2 O-O 10. O-O Nc6 11. Ne5 Bd6 12. f4 Nxd4 13. Bd3 dxc4 14. Nxc4 Bc5 15. Kh1 Nd5 16. Ne4 Nf5 17. Nxc5 bxc5 18. Bxf5 exf5 19. Qh5 Re8 20. Rad1 Qe7 21. Rd2 Nxf4 22. Qxf5 Qh4 23. Nd6 f6 24. Nxe8 Rxe8 25. Qc2 Re1 26. Qc4+ Bd5 27. Rxd5 Rxf1+ 28. Qxf1 Nxd5 29. Qe2 Kf7 30. h3 Ne7 31. Ba3 Qg5 32. Qc4+ Nd5 33. Qxc5 Qd2 34. Qxa7+ Kg6 35. Bf8 Qe1+ 36. Qg1 Qd2 37. Bc5 Qxa2 38. Qd1 Nc7 39. Qg4+ Kh6 40. Qf4+ g5 41. Qxf6+ Kh5 42. Qf7+ Kh6 43. Bf8# 1-0

[Event "EYTCC U18 Open 2019"]
[Site "Pardubice"]
[Date "2019.07.13"]
[Round "3.11"]
[White "Viczencz, Peter"]
[Black "Grieve, Harry"]
[Result "0-1"]
[ECO "B47"]
[WhiteElo "2014"]
[BlackElo "2235"]
[Annotator "NA"]
[PlyCount "70"]
[EventDate "2019.07.11"]
[EventType "swiss"]
[EventCountry "CZE"]
[SourceTitle "playchess.com"]
[Source "ChessBase"]
[SourceQuality "1"]
[WhiteTeam "Slovakia"]
[BlackTeam "England"]
[WhiteTeamCountry "SVK"]
[BlackTeamCountry "ENG"]
[TimeControl "40/5400+30:1800+30"]

1. e4 c5 2. Nf3 e6 3. d4 cxd4 4. Nxd4 Nc6 5. Nc3 Qc7 6. g3 a6 7. Bg2 Nf6 8. O-O Nxd4 9. Qxd4 Bc5 10. Qd3 Ng4 11. h3 Ne5 12. Qe2 b5 13. Kh2 h5 14. Bf4 h4 15. Rad1 f6 16. Bxe5 Qxe5 17. Qg4 g5 18. Rd3 hxg3+ 19. Qxg3 Bd4 20. Ne2 Qxg3+ 21. fxg3 Be5 22. c3 Bb7 23. Nd4 g4 24. Re1 Ke7 25. Nb3 gxh3 26. Bxh3 Rh7 27. Nc5 Bc6 28. Red1 d6 29. Nxe6 Bd7 30. Nf4 Bxh3 31. Nxh3 Rah8 32. a4 Rxh3+ 33. Kg2 Rh2+ 34. Kf3 Rg8 35. Rg1 bxa4 0-1

[Event "EYTCC U18 Open 2019"]
[Site "Pardubice"]
[Date "2019.07.13"]
[Round "3.12"]
[White "Stoyanov, Viktor"]
[Black "Matis, Tibor"]
[Result "1-0"]
[ECO "A17"]
[WhiteElo "2198"]
[BlackElo "1862"]
[Annotator "NA"]
[PlyCount "81"]
[EventDate "2019.07.11"]
[EventType "swiss"]
[EventCountry "CZE"]
[SourceTitle "playchess.com"]
[Source "ChessBase"]
[SourceQuality "1"]
[WhiteTeam "England"]
[BlackTeam "Slovakia"]
[WhiteTeamCountry "ENG"]
[BlackTeamCountry "SVK"]
[TimeControl "40/5400+30:1800+30"]

1. c4 Nf6 2. Nc3 e6 3. Nf3 b6 4. e3 Bb7 5. b3 Be7 6. Bb2 O-O 7. Be2 Na6 8. O-O Rc8 9. Rc1 d5 10. cxd5 exd5 11. d4 c5 12. Bd3 Nb4 13. Bf5 Ba6 14. Re1 Rb8 15. a3 Nc6 16. Ne2 g6 17. Bd3 Bb7 18. Nf4 cxd4 19. Bb5 Rc8 20. Nxd4 Ne5 21. Be2 a6 22. Rxc8 Qxc8 23. Qa1 Qb8 24. Nf5 gxf5 25. Bxe5 Qd8 26. Bd3 Bc8 27. Ne2 Ng4 28. Bf4 Bf6 29. Qb1 Ne5 30. Bxf5 Bxf5 31. Qxf5 Ng6 32. Rd1 Be7 33. a4 Bb4 34. Bg3 Qe7 35. Nd4 Qc5 36. h4 Rc8 37. h5 Ne7 38. Qf6 Nc6 39. Nf5 Bc3 40. Nh6+ Kf8 41. Qxf7# 1-0

[Event "EYTCC U18 Open 2019"]
[Site "Pardubice"]
[Date "2019.07.13"]
[Round "3.13"]
[White "Miesbauer, Jan"]
[Black "Subelj, Jan"]
[Result "0-1"]
[ECO "C85"]
[WhiteElo "2409"]
[BlackElo "2425"]
[Annotator "NA"]
[PlyCount "104"]
[EventDate "2019.07.11"]
[EventType "swiss"]
[EventCountry "CZE"]
[SourceTitle "playchess.com"]
[Source "ChessBase"]
[SourceQuality "1"]
[WhiteTeam "Czech Republic"]
[BlackTeam "Slovenia"]
[WhiteTeamCountry "CZE"]
[BlackTeamCountry "SLO"]
[TimeControl "40/5400+30:1800+30"]

1. e4 e5 2. Nf3 Nc6 3. Bb5 a6 4. Ba4 Nf6 5. O-O Be7 6. Bxc6 dxc6 7. d3 Nd7 8. b3 O-O 9. Bb2 f6 10. Nbd2 Nc5 11. Nc4 Re8 12. Nh4 Ne6 13. g3 Bc5 14. Kh1 b5 15. Ne3 Bd4 16. Bxd4 exd4 17. Neg2 c5 18. f4 c4 19. f5 Ng5 20. Nf4 c5 21. Rc1 Bb7 22. Nhg2 Qd7 23. Qg4 Kh8 24. Nh5 Nxe4 25. dxe4 Rxe4 26. Qd1 Rae8 27. Kg1 d3 28. cxd3 cxd3 29. Rf2 c4 30. bxc4 bxc4 31. Nhf4 Qd4 32. Qd2 Bc8 33. Qc3 Qxc3 34. Rxc3 Rd4 35. Rd2 Bxf5 36. Kf2 g5 37. Ne3 Be4 38. Nh5 Bg6 39. Rxc4 Rxc4 40. Nxc4 Bxh5 41. Rxd3 Re2+ 42. Kg1 Re1+ 43. Kf2 Re2+ 44. Kg1 Rxa2 45. Rd7 Bg4 46. Ra7 Bh3 47. Ne3 f5 48. g4 Bxg4 49. Nd5 f4 50. Nf6 Bf5 51. Nh5 h6 52. Rc7 f3 0-1

[Event "EYTCC U18 Open 2019"]
[Site "Pardubice"]
[Date "2019.07.13"]
[Round "3.14"]
[White "Stevanic, David"]
[Black "Zeman, Matyas"]
[Result "1-0"]
[ECO "C11"]
[WhiteElo "2306"]
[BlackElo "2275"]
[Annotator "NA"]
[PlyCount "93"]
[EventDate "2019.07.11"]
[EventType "swiss"]
[EventCountry "CZE"]
[SourceTitle "playchess.com"]
[Source "ChessBase"]
[SourceQuality "1"]
[WhiteTeam "Slovenia"]
[BlackTeam "Czech Republic"]
[WhiteTeamCountry "SLO"]
[BlackTeamCountry "CZE"]
[TimeControl "40/5400+30:1800+30"]

1. e4 e6 2. d4 d5 3. Nc3 Nf6 4. e5 Nfd7 5. f4 c5 6. Nf3 Nc6 7. Be3 Be7 8. Qd2 O-O 9. dxc5 Qa5 10. a3 Bxc5 11. Bxc5 Qxc5 12. Bd3 Nb6 13. b4 Qe7 14. O-O Bd7 15. Qf2 f6 16. exf6 Qxf6 17. Ne2 e5 18. fxe5 Nxe5 19. Nxe5 Qxe5 20. Qh4 Bf5 21. Qd4 Qxd4+ 22. Nxd4 Bxd3 23. Rxf8+ Rxf8 24. cxd3 Re8 25. Rc1 Re7 26. Kf2 Kf7 27. Nf5 Rd7 28. Ke3 g6 29. Nd4 Re7+ 30. Kd2 a6 31. Rc5 Rd7 32. Nf3 Kf6 33. Ke3 g5 34. Kd4 Re7 35. Rc2 g4 36. Ng1 h5 37. Ne2 Kg5 38. g3 h4 39. Nf4 hxg3 40. hxg3 Rf7 41. Rc7 Rxc7 42. Ne6+ Kf5 43. Nxc7 Nc8 44. Nxd5 Nd6 45. Ne3+ Kg5 46. a4 Nc8 47. Kc5 1-0

[Event "EYTCC U18 Open 2019"]
[Site "Pardubice"]
[Date "2019.07.13"]
[Round "3.15"]
[White "Sramek, Vojtech"]
[Black "Tisaj, Domen"]
[Result "1/2-1/2"]
[ECO "B32"]
[WhiteElo "2233"]
[BlackElo "2232"]
[Annotator "NA"]
[PlyCount "109"]
[EventDate "2019.07.11"]
[EventType "swiss"]
[EventCountry "CZE"]
[SourceTitle "playchess.com"]
[Source "ChessBase"]
[SourceQuality "1"]
[WhiteTeam "Czech Republic"]
[BlackTeam "Slovenia"]
[WhiteTeamCountry "CZE"]
[BlackTeamCountry "SLO"]
[TimeControl "40/5400+30:1800+30"]

1. e4 c5 2. Nf3 Nc6 3. d4 cxd4 4. Nxd4 e5 5. Nb5 d6 6. c4 Be7 7. N5c3 Nf6 8. Bd3 O-O 9. O-O Nd7 10. Nd5 Bg5 11. Nbc3 Nc5 12. b4 Ne6 13. Bb2 Ncd4 14. g3 Bh6 15. Kh1 a5 16. a3 axb4 17. axb4 Rxa1 18. Bxa1 Bd7 19. Qh5 Nc6 20. f4 exf4 21. gxf4 f6 22. Nb5 Bc8 23. h4 Rf7 24. Bc3 Qf8 25. f5 Ned8 26. Rg1 Kh8 27. Bc2 Ne5 28. Bxe5 fxe5 29. Bb3 g6 30. Qe2 gxf5 31. c5 dxc5 32. exf5 Bxf5 33. bxc5 Rg7 34. Nd6 Be6 35. Bc4 Nc6 36. Rf1 Qg8 37. Nf6 Bxc4 38. Qxc4 Qxc4 39. Nxc4 Bf4 40. Nh5 Rg4 41. Nxf4 Rxh4+ 42. Kg2 exf4 43. Nd6 Ne5 44. Nxb7 f3+ 45. Kf2 Rc4 46. Ke3 Rc2 47. Kf4 Re2 48. c6 f2 49. c7 Nd3+ 50. Kf3 Rc2 51. Ke3 Rxc7 52. Kxd3 Rxb7 53. Ke3 Re7+ 54. Kxf2 Rf7+ 55. Kg2 1/2-1/2